 Dungeon Crawl Stone Soup version 0.29.1-15-g9cfb28693d (webtiles) character file.

Game seed: 2377976498265098290

427 LLlMATKO the Chopper (level 6, 0/56 HPs)
             Began as a Minotaur Berserker on Apr 30, 2023.
             Was an Elder of Trog.
             Slain by a mummy (4 damage)
             ... in an ossuary.
             The game lasted 00:04:44 (2501 turns).

LLlMATKO the Chopper (Minotaur Berserker)           Turns: 2501, Time: 00:04:45

Health: 0/56       AC: 11    Str: 19    XL:     6   Next: 65%
Magic:  5/5        EV: 11    Int:  4    God:    Trog [****..]
Gold:   187        SH:  0    Dex: 12    Spells: 5/5 levels left

rFire   . . .      SeeInvis .   a - +1 hand axe
rCold   + + +      Faith    .   (no shield)
rNeg    . . .      Spirit   .   n - +4 scale mail of Jaavo {rC+++ Will+ Str-2}
rPois   .          Reflect  .   (helmet restricted)
rElec   .          Harm     .   (no cloak)
rCorr   .          Rampage  .   (no gloves)
Will    +....                   (no boots)
Stlth   ..........              (no amulet)
HPRegen 0.18/turn               (no ring)
MPRegen 0.09/turn               (no ring)

@: on berserk cooldown, slowed, very slow
A: horns 2, retaliatory headbutt
a: Renounce Religion, Berserk, Trog's Hand, Brothers in Arms


You were in an ossuary.
You worshipped Trog.
Trog was greatly pleased with you.
You visited 1 branch of the dungeon, and saw 6 of its levels.
You also visited: Ossuary.

You collected 187 gold pieces.

Inventory:

Hand Weapons
 a - a +1 hand axe (weapon)
Armour
 n - the +4 scale mail of Jaavo (worn) {rC+++ Will+ Str-2}
   (You found it on level 2 of the Dungeon)

   Str:       It affects your strength (-2).
   rC:        It renders you almost immune to cold.
   Will:      It increases your willpower.
Jewellery
 d - a ring of magical power
 o - an amulet of guardian spirit
Scrolls
 c - a scroll of blinking
 g - 3 scrolls of immolation
 l - 3 scrolls of identify
 q - a scroll of poison
Potions
 b - a potion of ambrosia
 f - a potion of might {unknown}
 h - a potion of resistance {unknown}
 j - a potion of berserk rage {unknown}
 k - a potion of heal wounds {unknown}
 m - a potion of mutation {unknown}
 r - a potion of haste {unknown}


   Skills:
 + Level 5.5 Fighting
 + Level 5.6 Axes
 + Level 4.7 Armour
 + Level 4.2 Dodging


You had 5 spell levels left.
You didn't know any spells.
Your spell library was empty.

Dungeon Overview and Level Annotations

Branches:
Dungeon (6/15)             Temple (0/1) D:4         Ossuary (1/1)

Altars:

Shops:
D:4 !


Innate Abilities, Weirdness & Mutations

You have a pair of horns on your head.
You reflexively headbutt those who attack you in melee.


Message History

You are too injured to fight recklessly!
You are too injured to fight recklessly!
A red film seems to cover your vision as you go berserk!
You feel yourself moving faster!
You feel mighty!
You hit the mummy.
The mummy is lightly damaged.
The mummy hits you!
* * * LOW HITPOINT WARNING * * *
You hit the mummy.
The mummy is moderately damaged.
You slash the mummy!
The mummy is almost destroyed.
The mummy closely misses you.
You slash the mummy!
You destroy the mummy!
Trog accepts your kill.
The kobold zombie hits you but does no damage.
You hit the kobold zombie. Your headbutt misses the kobold zombie.
The kobold zombie is severely damaged.
The kobold zombie hits you but does no damage.
You slash the kobold zombie!
You destroy the kobold zombie!
Trog accepts your kill.
You slash Menkaure! Your headbutt misses Menkaure.
Menkaure is heavily damaged.
Menkaure hits you!
* * * LOW HITPOINT WARNING * * *
You hit Menkaure. You headbutt Menkaure!
You destroy Menkaure!
Trog accepts your kill.
Trog appreciates your killing of a magic user.
Your Dodging skill increases to level 4!
A hobgoblin skeleton comes into view.
You feel a strong urge to attack something.
You hit the mummy. You headbutt the mummy.
The mummy is heavily damaged.
You are no longer berserk.
You are exhausted.
You feel yourself slow down. The mummy hits you.
You die...

##..##..##..####..##..##..#
##..##..##..## ##..##..##..
##..##..##..## ##..##..##.
##..##..##.^## ##..##..##
##..##..##..## ##.^##..#
##..##..##..## ##..##..
##..##.^##..## ##..##.
#..##..##..############# ##..##
..##..##........@MZ.Z... ##..#
.##..##########################..
##...............................
#################################
.................................
#################################


You could see a mummy and 2 hobgoblin skeletons.

Vanquished Creatures
  Menkaure (Ossuary)
  An ogre (D:4)
  A hound (D:5)
  An iguana (D:4)
  2 mummies (Ossuary)
  2 adders (D:2)
  3 worms (D:2)
  2 dart slugs
  2 orcs (D:5)
  7 bats
  8 endoplasms
  3 giant cockroaches (D:2)
  4 gnoll zombies (Ossuary)
  9 goblins
  6 hobgoblins
  11 jackals
  4 quokkas
  4 ball pythons
  3 frilled lizards
  3 gnoll skeletons (Ossuary)
  7 goblin skeletons (Ossuary)
  2 goblin zombies (Ossuary)
  A hobgoblin skeleton (Ossuary)
  3 hobgoblin zombies (Ossuary)
  3 kobolds
  3 kobold skeletons (Ossuary)
  3 kobold zombies (Ossuary)
  An orc skeleton (Ossuary)
  5 orc zombies (Ossuary)
  6 rats
  5 rat skeletons (Ossuary)
  7 rat zombies (Ossuary)
123 creatures vanquished.

Notes
Turn   | Place    | Note
-------+----------+-------------------------------------------
     0 | D:1      | LLlMATKO the Minotaur Berserker began the quest for the
                  | Orb.
     0 | D:1      | Reached XP level 1. HP: 19/19 MP: 0/0
   326 | D:1      | Reached XP level 2. HP: 24/27 MP: 1/1
   545 | D:1      | Found a faded altar of an unknown god.
   948 | D:2      | Reached ** piety under Trog
   949 | D:2      | Reached XP level 3. HP: 33/33 MP: 2/2
  1140 | D:2      | Identified the +4 scale mail of Jaavo {rC+++ Will+ Str-2}
  1398 | D:2      | Reached XP level 4. HP: 41/41 MP: 3/3
  1622 | D:3      | Identified the +7 dagger "Fohes" {speed, *Corrode Fragile
                  | rN+++ Str+6}
  1711 | D:3      | You fall into a shaft and drop 3 floors!
  1719 | D:5      | Entered Level 5 of the Dungeon
  1730 | D:5      | Reached *** piety under Trog
  1755 | D:4      | Reached XP level 5. HP: 31/47 MP: 4/4
  1796 | D:4      | Noticed an ogre
  1805 | D:4      | Killed an ogre
  1806 | D:4      | Reached skill level 5 in Fighting
  1806 | D:4      | Reached skill level 5 in Axes
  1918 | D:4      | Found a staircase to the Ecumenical Temple.
  1978 | D:4      | Found Ufoo's Distillery.
  2048 | D:4      | Found a sand-covered staircase.
  2053 | Ossuary  | Entered an ossuary
  2268 | Ossuary  | Reached XP level 6. HP: 56/56 MP: 5/5
  2307 | Ossuary  | Reached **** piety under Trog
  2480 | Ossuary  | Noticed Menkaure
  2498 | Ossuary  | Killed Menkaure
  2501 | Ossuary  | Slain by a mummy

Illustrated notes

Levels and vault maps discovered:
D:1:      minmay_arrival_up_and_down, layout_rooms,
          ebering_ecumenical_altar_abandoned, chequers_mini_garden,
          nrook_mini_backslash, dk_noncrumbling_3
D:2:      minmay_angry_zag, layout_rooms, feat_on_display
D:3:      layout_basic, serial_rivers, chequers_serial_rivers_micro_d,
          chequers_serial_rivers_large_a, chequers_serial_rivers_small_3,
          chequers_serial_rivers_room_b, chequers_serial_rivers_micro_b,
          chequers_serial_rivers_micro_a
D:4:      layout_basic, nicolae_ru_the_path_less_chosen,
          minmay_temple_entry_slanted, enter_ossuary_5, serial_shops, shop
D:5:      layout_loops_ring, gammafunk_ghost_split
D:6:      layout_basic, vehumet_statue, grunt_temple_overflow_octagram,
          uniq_pikel, uniq_edmund
Ossuary:  ossuary_due_pyramid

Skill      XL: |  1  2  3  4  5  6 |
---------------+-------------------+-----
Fighting       | 4 5 |  5.5
Axes           | 4 5 |  5.6
Armour         | 3 4 |  4.7
Dodging        | 3 4 |  4.2

Action                   |  1- 3 |  4- 6 || total
-------------------------+-------+-------++-------
Melee: Hand axe          |    85 |   189 ||   274
       Headbutt          |    15 |    34 ||    49
       Punch             |       |     2 ||     2
Invok: Berserk           |       |     2 ||     2
  Use: Scroll            |       |     8 ||     8
Armor: Animal skin       |    11 |       ||    11
       Scale mail        |     6 |    78 ||    84
Dodge: Dodged            |    56 |    94 ||   150
